Map: Dusk Towers

Players

Miszu

  • Race: Terran Terran
  • League: Master

JoNesbo - Winner!

  • Race: Terran Terran
  • League: Master

VOD

Have the link to the VOD?

Description

Time

  • Played on: March 28, 2016, 6:18 p.m.
  • Length: 10:16
Show
View Real Time Build Order
Export as new Build Order

Miszu Terran 

Build Orders: 1/1/1, MMM Bio, Banshee Rush 

Get SALT Encoding   

  12  0:00  SCV  
  13  0:13  SCV  
  14  0:17  Supply Depot  
  14  0:26  SCV  
  15  0:39  SCV  
  15  0:41  Barracks  
  16  0:44  Refinery  
  16  0:51  SCV  
  16  0:56  Refinery  
  17  1:03  SCV  
  18  1:15  SCV  
  19  1:29  Orbital Command  
  19  1:30  Marine  
  20  1:39  Factory  
  20  1:43  Supply Depot  
  20  1:48  Marine  
  21  1:59  SCV  
  22  2:06  Marine  
  22  2:13  SCV  
  23  2:24  Starport, Marine  
  23  2:25  SCV  
  23  2:27  Factory Tech Lab  
  25  2:37  SCV  
  25  2:42  Marine  
  27  2:50  SCV  
  28  2:53  Supply Depot  
  29  3:05  Cloaking Field  
  29  3:10  Banshee  
  31  3:14  SCV  
  31  3:16  Barracks Reactor  
  32  3:26  SCV  
  33  3:27  Command Center  
  33  3:32  Factory Tech Lab  
  33  3:38  Supply Depot  
  33  3:39  SCV  
  34  3:51  SCV  
  34  3:53  Banshee  
  38  4:03  SCV  
  39  4:10  Command Center  
  39  4:15  Supply Depot  
  39  4:17  SCV  
  40  4:25  Marine x2  
  42  4:35  SCV  
  41  4:46  Barracks x2  
  41  4:47  SCV  
  41  4:50  Orbital Command  
  41  4:59  SCV  
  42  5:10  Starport Reactor  
  42  5:11  SCV  
  42  5:12  Siege Tank  
  46  5:17  SCV  
  47  5:24  SCV  
  47  5:27  Orbital Command  
  45  5:29  SCV  
  45  5:31  Marine x2  
  45  5:34  Stimpack  
  45  5:35  Marine, Barracks Tech Lab  
  48  5:36  SCV  
  48  5:41  SCV  
  51  5:46  Siege Tank  
  51  5:48  Medivac x2, SCV  
  59  5:54  SCV x2  
  61  6:00  SCV  
  61  6:02  Marine x3, Refinery  
  61  6:03  Marine, Refinery  
  66  6:08  Supply Depot  
  66  6:19  Marine  
  66  6:20  Engineering Bay x2  
  66  6:25  SCV x2  
  67  6:26  SCV  
  65  6:37  SCV x2  
  67  6:46  SCV  
  53  6:51  Marine x4  
  53  6:53  SCV  
  52  6:55  SCV  
  52  6:58  SCV  
  52  7:00  Siege Tank  
  57  7:05  SCV  
  55  7:08  Marine  
  55  7:09  Marine x3  
  60  7:16  Terran Infantry Weapons Level 1, Terran Infantry Armor Level 1  
  58  7:24  Orbital Command  
  58  7:26  Marine, Barracks  
  58  7:27  Marine x3, Medivac, Barracks  
  58  7:29  Medivac  
  66  7:35  Siege Tank  
  69  7:39  SCV  
  69  7:40  Supply Depot  
  69  7:42  SCV  
  71  7:44  Marine x2  
  71  7:45  Marine x2  
  71  7:48  Combat Shields  
  71  7:50  SCV  
  76  7:52  SCV  
  76  7:56  SCV  
  76  8:02  Marine  
  67  8:12  SCV  
  67  8:13  SCV x2  
  67  8:14  Barracks Reactor x2  
  69  8:23  Marine, Missile Turret  
  69  8:24  Marine x3, SCV  
  69  8:25  SCV x2  
  76  8:31  Sensor Tower  
  76  8:32  Missile Turret  
  79  8:34  Siege Tank  
  79  8:38  SCV x2  
  79  8:39  SCV  
  82  8:41  Marine  
  82  8:42  Marine  
  85  8:51  Armory  
  85  8:55  SCV  
  85  8:56  Marine  
  85  8:58  Supply Depot x2  
  85  8:59  Supply Depot x3  
  85  9:05  Supply Depot x2  
  85  9:08  SCV  
  85  9:19  Marine, SCV x2  
  85  9:20  SCV  
  85  9:22  Medivac x2, Siege Tank  
  96  9:31  SCV x2  
  96  9:32  SCV  
  96  9:35  Marine, Command Center  
  96  9:36  Factory, Marine x5, Refinery x2  
  96  9:37  Marine  
  107  9:43  SCV x2  
  107  9:44  SCV  
  107  9:45  Supply Depot  
  109  9:57  Marine x4  
  109  9:58  Marine x2  
Show
View Real Time Build Order
Export as new Build Order

JoNesbo Terran - Winner!

Build Orders: Reaper Expand, MMM Bio 

Get SALT Encoding   

  12  0:01  SCV  
  13  0:13  SCV  
  14  0:17  Supply Depot  
  14  0:25  SCV  
  15  0:39  SCV  
  15  0:41  Barracks  
  16  0:45  Refinery  
  16  0:51  SCV  
  17  1:03  SCV  
  18  1:15  SCV  
  19  1:28  Reaper, Orbital Command  
  20  1:41  Command Center  
  20  1:54  SCV  
  21  2:00  Supply Depot, Marine  
  22  2:05  Factory  
  22  2:07  SCV  
  23  2:21  Marine  
  23  2:22  Refinery, SCV  
  25  2:34  SCV  
  26  2:40  Barracks Reactor  
  26  2:46  SCV  
  26  2:48  Hellion  
  29  2:54  Starport  
  29  2:58  SCV  
  31  3:00  Orbital Command  
  30  3:10  Factory Tech Lab  
  30  3:11  Engineering Bay  
  30  3:13  SCV  
  30  3:16  Marine x2  
  33  3:25  SCV  
  34  3:30  Cyclone  
  37  3:35  Supply Depot, SCV  
  37  3:37  SCV  
  37  3:38  Missile Turret  
  37  3:40  Missile Turret  
  39  3:46  Missile Turret  
  39  3:49  SCV  
  39  3:50  SCV  
  41  3:57  Viking  
  41  4:01  SCV  
  45  4:02  SCV  
  45  4:08  Marine x2  
  47  4:13  Siege Tank  
  47  4:16  SCV  
  51  4:17  SCV  
  51  4:22  Supply Depot  
  52  4:25  Marine  
  52  4:26  Marine  
  53  4:43  Medivac  
  53  4:45  Supply Depot, Siege Tank  
  60  4:46  SCV  
  60  4:48  SCV  
  60  4:58  Barracks  
  60  5:00  Barracks Tech Lab  
  60  5:01  Barracks  
  60  5:04  SCV x2  
  62  5:27  Marine  
  61  5:29  Stimpack  
  61  5:30  Starport Reactor  
  61  5:31  SCV x2  
  63  5:38  Refinery  
  63  5:40  Refinery  
  63  5:43  SCV  
  63  5:44  Command Center, SCV  
  63  5:46  Barracks Reactor, Terran Infantry Weapons Level 1  
  65  5:52  Marine x3  
  65  5:56  SCV x2  
  70  6:00  Supply Depot  
  70  6:02  Supply Depot  
  70  6:21  Marine x3, SCV x2  
  72  6:39  Marine  
  72  6:42  SCV  
  72  6:43  Marine x2, SCV  
  72  6:44  Medivac x2, Siege Tank  
  75  6:59  Marine x3  
  75  7:00  Marine  
  75  7:01  Marine  
  80  7:04  Engineering Bay  
  80  7:05  Barracks  
  80  7:06  Barracks, Armory  
  76  7:10  SCV  
  76  7:11  SCV  
  77  7:16  Marine  
  77  7:17  Marine x2  
  77  7:18  Marine x2  
  82  7:25  SCV x2  
  82  7:26  Siege Tank  
  87  7:32  Orbital Command  
  87  7:35  Missile Turret  
  87  7:37  SCV x2  
  87  7:39  Marine x4  
  87  7:42  Combat Shields  
  93  7:46  Terran Infantry Armor Level 1  
  93  7:53  Barracks Reactor x2  
  93  7:55  SCV x2  
  91  8:12  Marine x3  
  79  8:13  Marine, Medivac  
  79  8:14  Medivac, Siege Tank  
  79  8:15  SCV x2  
  79  8:18  Refinery, SCV  
  79  8:19  Refinery  
  93  8:27  SCV  
  93  8:28  SCV  
  93  8:29  Marine  
  93  8:30  Marine x5  
  101  8:35  Supply Depot, Marine x3  
  101  8:38  Supply Depot  
  104  8:43  Medivac  
  104  8:46  Marine  
  104  8:47  Medivac  
  109  8:54  Command Center  
  109  8:56  SCV x2  
  109  8:57  Marine x5, SCV  
  109  8:59  Marine  
  118  9:04  Supply Depot  
  118  9:06  Supply Depot  
  118  9:13  Marine x3  
  121  9:19  SCV x3  
  121  9:20  Marine  
  125  9:25  Marine x4  
  125  9:27  Supply Depot x2  
  125  9:28  Siege Tank  
  132  9:34  Factory  
  132  9:36  Marine x3  
  135  9:40  Supply Depot, Marine x2  
  137  9:51  Marine  
  137  9:52  Marine x3  
  141  9:54  Marine  
Tags
 
Add a new tag
Caveats
  • Supply blocks, unpowered buildings, or Contaminate may cause inaccurate times.
  • Supply counts are checked every 10 seconds.